 Dungeon Crawl Stone Soup version 0.30-a0-852-g08b95dd62f (webtiles) character file.

Game seed: 12213587739820838697

163 Firecrotchwizard the Chopper (level 5, -1/47 HPs)
             Began as a Hill Orc Monk on Mar 5, 2023.
             Slain by an iguana (6 damage)
             ... on level 6 of the Dungeon.
             The game lasted 00:03:45 (1669 turns).

Firecrotchwizard the Chopper (Hill Orc Monk)        Turns: 1669, Time: 00:03:46

Health: -1/47      AC:  4    Str: 16    XL:     5   Next: 44%
Magic:  5/5        EV: 11    Int: 10    God:
Gold:   26         SH:  0    Dex: 16    Spells: 4/4 levels left

rFire   . . .      SeeInvis .    j - +0 mace of the Equinox {venom, Dex+3}
rCold   + . .      Faith    .    (no shield)
rNeg    . . .      Spirit   .    i - +1 ring mail {rC+}
rPois   .          Reflect  .    k - +0 helmet
rElec   .          Rampage  .    (no cloak)
rCorr   .                        (no gloves)
Will    .....                    m - +0 pair of boots
Stlth   +                        (no amulet)
HPRegen 0.27/turn                (no ring)
MPRegen 0.09/turn                (no ring)

@: about to teleport, corroded
A: no striking features
a: no special abilities


You were on level 6 of the Dungeon.
You visited 1 branch of the dungeon, and saw 5 of its levels.

You collected 143 gold pieces.
You spent 117 gold pieces at shops.

Inventory:

Hand Weapons
 a - a +0 hand axe
 j - the +0 mace of the Equinox (weapon) {venom, Dex+3}
   (You found it on level 3 of the Dungeon)

   Dex:       It affects your dexterity (+3).
Missiles
 s - 34 stones (quivered)
Armour
 b - a +0 robe
 e - a +0 ring mail
   (You found it on level 3 of the Dungeon)
 i - a +1 ring mail of cold resistance (worn)
   (You found it on level 3 of the Dungeon)
 k - a +0 helmet (worn)
   (You found it on level 4 of the Dungeon)
 m - a +0 pair of boots (worn)
   (You found it on level 3 of the Dungeon)
Scrolls
 g - 2 scrolls of magic mapping {unknown}
 Y - 2 scrolls of teleportation {@r3}
Potions
 c - a potion of degeneration {unknown}
 d - a potion of lignification {unknown}
 f - 2 potions of might {unknown}
 h - a potion of cancellation {unknown}
 l - 2 potions of flight {unknown}
 G - a potion of ambrosia {!q}
 J - 2 potions of curing {@q1}


   Skills:
 + Level 4.7 Fighting
 * Level 6.2 Axes
 + Level 2.4 Armour
 - Level 2.4 Dodging
 - Level 1.5 Stealth


You had 4 spell levels left.
You didn't know any spells.
Your spell library was empty.

Dungeon Overview and Level Annotations

Branches:
Dungeon (6/15)             Temple (0/1) D:4

Altars:

Shops:
D:3 (   D:4 !


Message History

You sock the gnoll!
You kill the gnoll!
Your Armour skill increases to level 2!
You start resting.
Health restored: 41
There is an open door here.
There is a stone staircase leading down here.
You climb downwards.
There is a stone staircase leading up here.
Found a staircase to the Ecumenical Temple.
You see here a +0 spear.
A sourceless malevolence fills the Dungeon...
You fall into a shaft and drop 2 floors!
The shaft crumbles and collapses.
Found a dagger.
Found a stone staircase leading down.
g - 2 scrolls labelled SAGOASOEKKA (gained 1)
You open the door.
There is an open door here.
An ufetubus comes into view.
The ufetubus shouts!
You hear a bark!
A hound comes into view.
A sourceless malevolence fills the Dungeon...
With a horrendous wail, an alarm goes off!
A sentinel's mark forms upon you.
The hound barks!
You hear a howl!
You hear a shout! x4
You hear an angry hiss.
Something shouts, "Submit, thou foisting guts-griping tiler!"
You hear a distant slurping noise.
You miss the ufetubus. The ufetubus hits you. The ufetubus closely misses you.
You take 2 damage, and have 39/41 hp.
You thump the ufetubus!
You kill the ufetubus!
The hound barely misses you.
You hit the hound but do no damage.
A howler monkey comes into view.
The hound pauses to sniff the ground.
The hound bites you. x2
You take 6 damage, and have 33/41 hp.
You closely miss the hound. The hound bites you but does no damage.
You closely miss the hound. The hound barely misses you.
The hound bites you but does no damage.
You miss the hound. The hound closely misses you. x2
You closely miss the hound. The hound barely misses you. The hound bites you.
The howler monkey hits you but does no damage.
You take 4 damage, and have 30/41 hp.
You hit the hound.
The hound is poisoned.
The hound bites you but does no damage.
The howler monkey hoots and howls with incredible vigour!
The hound misses you.
You closely miss the hound.
You kill the hound!
The howler monkey hits you but does no damage.
The howler monkey hits you.
Your Axes skill increases to level 6!
You have reached level 5!
You feel stronger.
You regained 4 hp, and now have 34/47 hp.
MP restored: 5 You hit the howler monkey but do no damage.
The howler monkey barely misses you.
You closely miss the howler monkey. The howler monkey closely misses you.
The howler monkey hoots and howls with incredible vigour!
You hit the howler monkey.
The howler monkey is poisoned.
The howler monkey hits you.
You take 4 damage, and have 30/47 hp.
You hit the howler monkey. The howler monkey barely misses you.
A jelly comes into view.
The howler monkey hits you but does no damage.
The jelly closely misses you.
A wight comes into view. It is wielding a +0 dire flail.
You hit the howler monkey.
You kill the howler monkey!
The jelly hits you but does no damage. The jelly attacks as you move away!
The jelly hits you but does no damage.
An iguana comes into view.
You see here a scroll labelled ZOTODGHEAFI.
You hit the jelly. The acid corrodes you!
Your hands burn!
A white imp comes into view.
The jelly barely misses you.
A wight comes into view. It is wielding a +0 short sword.
You take 3 damage, and have 28/47 hp.
You hit the jelly.
Your hands burn!
The jelly hits you.
You are splashed with acid!
You take 10 damage, and have 18/47 hp.
MASSIVE DAMAGE!!
As you read the scroll of teleportation {@r3}, it crumbles to dust.
You feel strangely unstable. The jelly completely misses you.
The jelly attacks as you move away! The jelly barely misses you.
A wight comes into view. It is wielding a +0 hand axe.
The wight misses you. The wight attacks as you move away!
The wight hits you with a +0 short sword.
The jelly attacks as you move away! The jelly hits you.
* * * LOW HITPOINT WARNING * * *
You are splashed with acid!
* * * LOW HITPOINT WARNING * * *
The sentinel's mark upon you fades away.
The iguana bites you.
You die...

........ #....
#......##########...#
#......#.......##...##
+......#........#....#
#......#........+....#
#......###.....##....#
#....5..#.....##....#
#....@l.#...........#
#...zJ.z#...........#
#......?#...........#
#......z#'###.####.##
.............#.####.###
..............#.........
..............#.>.......
..............#.........
.............#...##...#


You could see an iguana, a jelly, 3 wights and a white imp.

Vanquished Creatures
  A howler monkey (D:6)
  A hound (D:6)
  An orc wizard (D:4)
  2 gnolls (D:3)
  2 adders
  An ufetubus (D:6)
  8 orcs (D:4)
  A bat (D:2)
  A hobgoblin (D:2)
  2 jackals (D:3)
  3 quokkas
  3 frilled lizards
  2 goblins (D:2)
  2 rats (D:2)
30 creatures vanquished.

Notes
Turn   | Place    | Note
-------+----------+-------------------------------------------
     0 | D:1      | Firecrotchwizard the Hill Orc Monk began the quest for the
                  | Orb.
     0 | D:1      | Reached XP level 1. HP: 19/19 MP: 1/1
    92 | D:2      | Found a faded altar of an unknown god.
   107 | D:2      | HP: 4/20 [quokka (2)]
   264 | D:2      | Reached XP level 2. HP: 23/27 MP: 2/2
   297 | D:2      | Reached skill level 1 in Armour
   413 | D:3      | Found Vawk's Antique Weapon Shoppe.
   446 | D:3      | Reached skill level 4 in Fighting
   446 | D:3      | Reached XP level 3. HP: 33/33 MP: 3/3
   446 | D:3      | Identified the +0 mace of the Equinox {venom, Dex+3}
   684 | D:3      | Reached skill level 5 in Axes
  1237 | D:4      | Found Evicw's Distillery.
  1248 | D:4      | Bought a potion of curing for 39 gold pieces
  1248 | D:4      | Bought a potion of curing for 39 gold pieces
  1248 | D:4      | Bought a potion of curing for 39 gold pieces
  1275 | D:4      | Reached XP level 4. HP: 16/40 MP: 4/4
  1278 | D:4      | HP: 9/41 [orc/+0 mace (2)]
  1472 | D:3      | HP: 6/41 [gnoll/+0 club[a gnoll bouda] (7)]
  1479 | D:3      | Reached skill level 2 in Armour
  1598 | D:4      | Found a staircase to the Ecumenical Temple.
  1616 | D:4      | You fall into a shaft and drop 2 floors!
  1659 | D:6      | Reached skill level 6 in Axes
  1659 | D:6      | Reached XP level 5. HP: 34/47 MP: 5/5
  1669 | D:6      | HP: 5/47 [acid (8)]
  1669 | D:6      | Slain by an iguana

Illustrated notes

Levels and vault maps discovered:
D:1:      enne_arrival_octagon_isle, layout_basic, serial_shops, shop,
          nicolae_shop_statue_plus, nicolae_shop_window_shopping
D:2:      layout_basic, shapermc_ecumenical_altar_totnotflames,
          dk_noncrumbling_3
D:3:      layout_basic, serial_shops, shop
D:4:      layout_basic, mainiacjoe_overflow_concentric_impassable,
          minmay_temple_entry_slanted, serial_shops, kennysheep_little_box
D:6:      layout_gridville, worldfamousw_hep_ancestral_shrine

Skill      XL: |  1  2  3  4 |
---------------+-------------+-----
Armour         | 1 2 |  2.4
Fighting       | 4 |  4.7
Axes           | 5 6 |  6.2
Dodging        | |  2.4
Stealth        | |  1.5

Action                     |  1- 3 |  4- 6 || total
---------------------------+-------+-------++-------
  Melee: Hand axe          |    56 |       ||    56
         Punch             |     2 |       ||     2
         Mace              |    17 |    29 ||    46
    Use: Scroll            |     4 |     1 ||     5
         Potion            |       |     2 ||     2
   Stab: Sleeping          |     2 |       ||     2
 Armour: Robe              |     3 |       ||     3
         Ring mail         |     7 |    21 ||    28
  Dodge: Dodged            |    39 |    26 ||    65

Table legend: (Time is in decaauts)
 A = Elapsed time spent in this place.
 B = Non-inter-level travel time spent in this place.
 C = Inter-level travel time spent in this place.
 D = Time resting spent in this place.
 E = Time spent auto-exploring this place.
 F = Levels seen in this place.
 G = Mean time per level.
                   A        B        C        D        E       F      G
               +--------+--------+--------+--------+--------+-----+--------+
         Total |   1684 |   1594 |     90 |    204 |   1075 |   5 |  336.8 |
       Dungeon |   1684 |   1594 |     90 |    204 |   1075 |   5 |  336.8 |
               +--------+--------+--------+--------+--------+-----+--------+

Top non-repeatable levels by time:
     D:3: 875 daAuts
     D:2: 346 daAuts
     D:4: 335 daAuts
     D:1: 71 daAuts
     D:6: 56 daAuts

Table legend:
 A = Kills in this place as a percentage of kills in the entire game.
 B = Kills by you in this place as a percentage of kills by you in the entire game.
 C = Kills by friends in this place as a percentage of kills by friends in the entire game.
 D = Other kills in this place as a percentage of other kills in the entire game.
 E = Experience gained in this place as a percentage of experience gained in the entire game.
 F = Experience gained in this place divided by the number of levels of this place that you have seen.
                   A       B       C       D       E      F
               +-------+-------+-------+-------+-------+----------------------
         Total | 100.0 | 100.0 |   N/A |   N/A | 100.0 |  46.6
       Dungeon | 100.0 | 100.0 |   N/A |   N/A | 100.0 |  46.6
               +-------+-------+-------+-------+-------+----------------------
